AoeStats
← BKPK

Black Forest

504541451Analyzed
4v4 RM · 27d ago on Sep 5, 2026· 48m 12s· 8 players
Game mode
Random Map
Map size
Large (8 player)
Population
200
Speed
Normal
Resources
Standard
Victory
Conquest
Starting age
Dark Age
Ending age
Imperial Age
RankedLock teamsTeams togetherTeam positionsShared explorationLock speedFull tech treeHidden civsTurbo modeCheats
Victory
Defeat
1212
+9
🇹🇼 Franks · Taiwan
1204
+9
🇹🇼 Britons · Taiwan
1195
+9
🇹🇼 Persians · Taiwan
957
+53
🇲🇽 Maya · Mexico
1074
-14
🇪🇸 Spanish · Spain
1031
-11
🇸🇰 Celts · Slovakia
1014
-10
🇮🇹 Teutons · Italy
1011
-10
NWGHOST7888
0:27 Loom
11:46 Feudal Age
13:14 Wheelbarrow
18:33 Castle Age
22:11 Fletching
22:27 Stone Mining
22:33 Gold Mining
24:24 Double-Bit Axe
25:07 Horse Collar
29:40 Stone Shaft Mining
31:33 Fortified Wall
31:39 Masonry
31:33 Padded Archer Armor
32:03 Heavy Plow
32:50 Ballistics
32:58 Leather Archer Armor
33:50 Bodkin Arrow
38:35 Hand Cart
40:55 Bow Saw
46:17 Elite Skirmisher
47:02 Hul'che Javelineers
Propios
9:05 Loom
11:39 Feudal Age
12:12 Double-Bit Axe
12:08 Horse Collar
14:36 Wheelbarrow
17:52 Castle Age
16:09 Gold Mining
16:20 Stone Mining
16:43 Gold Mining
18:43 Bow Saw
18:36 Heavy Plow
21:16 Stone Shaft Mining
23:58 Hand Cart
24:33 Scale Barding Armor
26:26 Inquisition
27:23 Ballistics
29:14 Town Watch
37:18 Imperial Age
37:24 Elite Conquistador
39:25 Chemistry
39:16 Supremacy
41:25 Conscription
41:54 Chain Barding Armor
43:31 Hoardings
45:26 Elite Skirmisher
FraButtu89
10:31 Feudal Age
17:43 Castle Age
16:14 Double-Bit Axe
25:54 Fishing Lines
26:44 Bow Saw
26:17 Horse Collar
29:20 Heavy Plow
33:33 Imperial Age
30:50 Town Watch
32:20 Gillnets
33:23 Wheelbarrow
32:53 Gold Mining
35:18 Chemistry
35:23 Two-Man Saw
34:59 Crop Rotation
34:43 Fortified Wall
35:14 Pikeman
35:55 Squires
35:40 Gambesons
36:43 Hand Cart
36:42 Halberdier
37:50 Arson
41:41 Scale Mail Armor
41:51 Forging
43:41 Cavalier
45:18 Paladin
46:29 Scale Barding Armor
47:44 Chain Barding Armor
Tukan
2:40 Loom
12:00 Feudal Age
12:36 Horse Collar
12:44 Double-Bit Axe
19:33 Castle Age
18:50 Gold Mining
20:30 Fletching
20:04 Elite Skirmisher
21:04 Bow Saw
22:48 Padded Archer Armor
25:01 Heavy Plow
28:06 Leather Archer Armor
28:29 Town Watch
31:54 Imperial Age
31:17 Wheelbarrow
30:52 Bodkin Arrow
32:42 Ballistics
32:31 Capped Ram
34:56 Chemistry
35:08 Hand Cart
36:38 Ring Archer Armor
37:28 Pikeman
38:11 Scale Mail Armor
38:21 Forging
38:45 Halberdier
39:13 Siege Ram
40:17 Conscription
40:32 Furor Celtica
41:29 Masonry
44:13 Town Patrol
45:04 Iron Casting
45:46 Caravan
48:39 Chain Mail Armor
TW_YuAn
14:16 Feudal Age
14:45 Double-Bit Axe
20:18 Castle Age
21:12 Bow Saw
30:50 Horse Collar
31:17 Scale Barding Armor
34:02 Imperial Age
34:45 Bloodlines
34:36 Husbandry
33:57 Cavalier
35:29 Conscription
34:59 Horse Collar
36:21 Two-Man Saw
36:32 Wheelbarrow
36:17 Heavy Plow
36:14 Gold Mining
36:20 Stone Mining
40:48 Hand Cart
40:14 Savar
43:30 Chain Barding Armor
43:22 Forging
43:48 Crop Rotation
43:55 Gold Shaft Mining
44:29 Stone Shaft Mining
Pocket civ disappoints and I AFK
0:57 Loom
11:47 Feudal Age
12:23 Double-Bit Axe
16:55 Castle Age
15:56 Stone Mining
16:52 Fishing Lines
17:48 Bow Saw
22:26 Gillnets
23:47 Horse Collar
24:42 Gold Mining
27:54 Imperial Age
26:38 Wheelbarrow
26:19 Fletching
27:17 Gold Shaft Mining
27:40 Bodkin Arrow
28:10 Bloodlines
29:03 Artillery
29:30 Hand Cart
29:02 Town Watch
30:01 Conscription
29:56 Bracer
34:08 Sipahi
34:02 Husbandry
35:08 Ballistics
35:40 Heavy Cavalry Archer
37:46 Padded Archer Armor
38:27 Parthian Tactics
38:41 Thumb Ring
39:12 Leather Archer Armor
42:12 Ring Archer Armor
45:26 Scale Barding Armor
46:40 Chain Barding Armor
47:11 Heavy Camel Rider
YAN-WEI
0:40 Loom
12:11 Feudal Age
16:04 Castle Age
14:03 Double-Bit Axe
18:40 Horse Collar
21:04 Wheelbarrow
20:41 Town Watch
31:23 Imperial Age
29:01 Heavy Plow
29:13 Bow Saw
30:29 Yeomen
30:28 Hand Cart
30:51 Gold Mining
31:03 Pikeman
32:36 Fortified Wall
32:59 Fletching
34:12 Conscription
34:29 Ballistics
35:10 Chemistry
34:08 Bodkin Arrow
34:14 Padded Archer Armor
34:54 Bracer
36:05 Leather Archer Armor
37:43 Warwolf
37:17 Elite Longbowman
41:14 Gold Shaft Mining
41:19 Ring Archer Armor
41:06 Siege Engineers
40:34 Elite Skirmisher
41:56 Caravan
42:08 Guilds
44:56 Two-Man Saw
BKPK
9:03 Loom
11:26 Feudal Age
12:11 Double-Bit Axe
16:38 Castle Age
16:24 Fishing Lines
18:31 Bow Saw
23:42 Gillnets
29:37 Imperial Age
27:20 Masonry
28:09 Stone Mining
28:13 Gold Mining
29:42 Cavalier
30:33 Scale Barding Armor
30:30 Husbandry
32:46 Wheelbarrow
31:58 Town Watch
31:56 Paladin
34:08 Chain Barding Armor
33:59 Forging
34:20 Hand Cart
35:44 Town Patrol
36:20 Plate Barding Armor
36:21 Iron Casting
37:36 Gold Shaft Mining
37:14 Masonry
39:53 Blast Furnace
43:04 Masonry
42:52 Murder Holes
43:47 Hoardings
43:27 Chivalry
43:52 Conscription
45:10 Scale Mail Armor
44:32 Pikeman
45:13 Squires
45:17 Padded Archer Armor
47:41 Chain Mail Armor
47:42 Leather Archer Armor
47:18 Fletching
47:54 Caravan
48:25 Coinage
Connection lost

Rejoining the realm…

Still unreachable

The connection could not be restored.

Session expired

The server has moved on; the page needs a fresh start.